Map: [ESL] Tropical Sacrifice

Players

HydraulixxD

  • Race: Terran Terran
  • Spawn Location: 1:00

NightPhoenix - Winner!

  • Race: Protoss Protoss
  • Spawn Location: 7:00

Event: DreamHack SC2 Masters 2022 Valencia

VOD

Have the link to the VOD?

Description

Time

  • Played on: July 1, 2022, 5:38 a.m.
  • Length: 5:17

All games in this series

Show
View Real Time Build Order
Export as new Build Order

HydraulixxD Terran 

Build Orders:  

Get SALT Encoding   

  12  0:02  SCV  
  13  0:14  SCV  
  13  0:19  Supply Depot  
  14  0:26  SCV  
  15  0:40  SCV  
  16  0:43  Barracks  
  16  0:46  Refinery  
  16  0:52  SCV  
  17  1:05  SCV  
  18  1:17  SCV  
  19  1:29  SCV  
  21  1:40  Reaper  
  21  1:42  Orbital Command  
  21  1:52  Command Center  
  21  2:00  Refinery  
  21  2:06  Supply Depot  
  22  2:08  SCV  
  22  2:13  Marine  
  23  2:28  SCV  
  24  2:32  Bunker  
  23  2:40  SCV  
  24  2:49  Marine  
  24  2:51  Factory  
  25  2:52  SCV  
  25  2:53  Barracks  
  26  3:04  SCV  
  24  3:16  SCV  
  24  3:23  Barracks Reactor  
  22  3:28  SCV  
  22  3:34  Factory Tech Lab  
  22  3:40  SCV  
  21  3:43  Barracks Tech Lab  
  21  3:53  SCV  
  21  3:55  Siege Tank  
  25  3:56  Starport  
  25  4:05  SCV  
  26  4:10  Marine x2  
  26  4:11  Marine  
  29  4:17  SCV  
  28  4:27  Marine  
  28  4:29  SCV  
  27  4:41  SCV  
Show
View Real Time Build Order
Export as new Build Order

NightPhoenix Protoss - Winner!

Build Orders:  

Get SALT Encoding   

  12  0:00  Probe  
  13  0:12  Probe  
  14  0:18  Pylon  
  14  0:24  Probe  
  15  0:36  Probe (Chrono Boost)  
  15  0:39  Gateway  
  16  0:48  Probe (Chrono Boost)  
  17  0:50  Assimilator  
  17  0:55  Probe (Chrono Boost)  
  18  1:03  Probe  
  19  1:18  Probe  
  20  1:26  Zealot  
  20  1:28  Cybernetics Core  
  20  1:31  Probe  
  23  1:37  Pylon  
  23  1:38  Assimilator  
  22  1:43  Probe  
  23  1:55  Probe  
  23  1:57  Gateway  
  24  2:04  Robotics Facility  
  24  2:07  Stalker (Chrono Boost)  
  26  2:16  Warp Gate (Chrono Boost), Shield Battery  
  26  2:29  Stalker  
  26  2:33  Pylon  
  28  2:43  Gateway  
  26  3:00  Warp Prism  
  28  3:40  Probe  
  27  3:52  Probe  
  28  3:56  Nexus  
  28  3:57  Stalker x2  
  28  3:58  Stalker  
  34  4:06  Pylon  
  34  4:10  Observer  
  35  4:25  Stalker x2  
  35  4:31  Stalker  
  41  4:48  Probe  
  41  4:51  Adept x2  
  40  5:00  Stalker  

Tags
 
Add a new tag
Caveats
  • Supply blocks, unpowered buildings, or Contaminate may cause inaccurate times.
  • Supply counts are checked every 10 seconds.